 Dungeon Crawl Stone Soup version 0.17-a0-1701-gf693a3f (webtiles) character file.

58 hexophile the Ducker (level 3, -28/19 HPs)
             Began as a Spriggan Chaos Knight on Aug 22, 2015.
             Killed from afar by a deep elf sorcerer (47 damage)
             ... with a blast of hellfire
             ... on level 1 of the Dungeon.
             The game lasted 00:06:34 (7017 turns).

hexophile the Ducker (Spriggan Chaos Knight)        Turns: 7017, Time: 00:06:34

Health: -28/19     AC: 12    Str:  8    XL:     3   Next: 76%
Magic:  4/4        EV: 20    Int: 13    God:    Xom [.*....]
Gold:   62         SH:  0    Dex: 17    Spells: 0 memorised, 2 levels left

rFire  . . .     SeeInvis +     a - +0 spear (chaos)
rCold  . . .     Clarity  .     b - +2 robe
rNeg   . . .     SustAt   .     (shield restricted)
rPois  .         Gourm    .     (helmet restricted)
rElec  .         Spirit   .     (no cloak)
rCorr  .         Warding  .     (gloves unavailable)
rMut   .         Stasis   .     (boots unavailable)
MR     .....                    (no amulet)
Stlth  ++........               (no ring)
                                l - +4 ring of protection

@: very quick, not resistant to hostile enchantments, unstealthy
A: unfitting armour, rough black scales 1, see invisible, agile 1, herbivore 3,
speed 3, slow metabolism 2
a: Renounce Religion


You were on level 1 of the Dungeon.
You worshipped Xom.
You were a plaything of Xom.
You were not hungry.

You visited 1 branch of the dungeon, and saw 1 of its levels.

You collected 62 gold pieces.

Inventory:

Hand weapons
 a - a +0 spear of chaos (weapon)
Missiles
 c - 6 curare-tipped needles
 d - 32 stones (quivered)
 m - 23 poisoned sling bullets
Armour
 b - a +2 robe (worn)
 k - a +0 naga barding
Jewellery
 l - a +4 ring of protection (left hand)
Scrolls
 g - 2 scrolls of remove curse
Potions
 e - a potion of agility
 f - a potion of haste {unknown}
 h - 2 potions of degeneration {unknown}
 i - a potion of lignification {unknown}


   Skills:
 - Level 2.4 Fighting
 * Level 2.9 Polearms
 + Level 4.7 Dodging
 + Level 1.6 Stealth


You had 2 spell levels left.
You didn't know any spells.

Dungeon Overview and Level Annotations

Branches:
Dungeon (1/15)

Altars:


Innate Abilities, Weirdness & Mutations

You are tiny and cannot use many weapons and most armour.
You have supernaturally acute eyesight.
You are a herbivore.
You cover ground extremely quickly.
You need consume almost no food.
You are partially covered in rough black scales (AC +4, Dex -1).
You are agile. (Dex +2)


Message History

Your quasit closely misses the deep elf knight.
The deep elf knight blocks your quasit's attack.
Your quasit barely misses the deep elf knight.
The deep elf knight hits your quasit with a scimitar!!
Your quasit dies!
Your white imp misses the deep elf knight.
The deep elf knight hits your white imp with a scimitar!!
Your white imp dies!
The deep elf sorcerer shouts!
You start waiting.
Attack whom?
Press: ? - help, Dir - move target cursor, f - deep elf sorcerer
Aim: a deep elf sorcerer, wielding a dagger (fast)
You reach to attack!
You hit the deep elf sorcerer but do no damage.
The deep elf sorcerer points at you and mumbles some strange words.
The hellfire explodes!
The blast of hellfire engulfs you!
Ouch! That really hurt!
You die...
Xom thinks this is hilarious!

...)....#.#.##.#.#.#
#######.#.#.##.#.#.#
#######.#.#....#.#e#
#######.#.#.####.#e#
#######.#........#.#
#######.###.######.#
#######.###......#.#
#######.##########e#
#######.........@..#
############## #########
#######
#≈#≈#≈#≈#######≈#.#≈#
###########≈#≈#≈########
#≈#.......#######......##
###.#####..............<#
....#.#.#####..........##
#########≈#≈############


You could see a deep elf sorcerer.

Vanquished Creatures
  2 oozes (D:1)
  3 bats (D:1)
  5 goblins (D:1)
  10 hobgoblins (D:1)
  4 jackals (D:1)
  A ball python (D:1)
  3 giant cockroaches (D:1)
  2 giant geckos (D:1)
  4 giant newts (D:1)
  9 kobolds (D:1)
  9 rats (D:1)
52 creatures vanquished.

Notes
Turn   | Place    | Note
--------------------------------------------------------------
     0 | D:1      | hexophile the Spriggan Chaos Knight began the quest for the Orb.
     0 | D:1      | Reached XP level 1. HP: 11/11 MP: 2/2
     0 | D:1      | Noticed a tentacled monstrosity
     0 | D:1      | Noticed a shadow dragon
     2 | D:1      | Noticed an iron dragon
     2 | D:1      | Noticed an iron dragon
     4 | D:1      | Noticed a large abomination
     5 | D:1      | Noticed a large abomination
     6 | D:1      | Noticed a shadow dragon
     7 | D:1      | Noticed a shadow dragon
     8 | D:1      | Noticed an ice dragon
    10 | D:1      | Noticed a shadow dragon
    10 | D:1      | Noticed a tentacled monstrosity
    12 | D:1      | Noticed an orb of fire
    12 | D:1      | Noticed an ice dragon
    14 | D:1      | Noticed an iron dragon
    14 | D:1      | Noticed a black draconian
    16 | D:1      | Noticed a shadow dragon
    16 | D:1      | Noticed a tentacled monstrosity
    18 | D:1      | Noticed an orb of fire
    18 | D:1      | Noticed an iron dragon
    20 | D:1      | Noticed an iron dragon
   340 | D:1      | XOM: harmless Summ miscast
   461 | D:1      | XOM: silly message
  1412 | D:1      | XOM is BORED!
  1412 | D:1      | XOM: mild Conj miscast
  1552 | D:1      | XOM: god gift: royal jelly
  1766 | D:1      | XOM: 8-stop teleportation journey
  1770 | D:1      | XOM: mild Trmt miscast
  1770 | D:1      | XOM: smoke on damage
  1792 | D:1      | XOM: 2-stop teleportation journey
  1848 | D:1      | XOM: mild Fire miscast
  1881 | D:1      | Reached XP level 2. HP: 8/16 MP: 3/3
  1912 | D:1      | XOM: give mutations
  1912 | D:1      | Gained mutation: You are partially covered in rough black scales (AC +4, Dex -1). [Xom's mischief]
  1912 | D:1      | Gained mutation: You are agile. (Dex +2) [Xom's mischief]
  2053 | D:1      | Reached skill level 4 in Dodging
  2266 | D:1      | XOM: 3-stop teleportation journey
  2399 | D:1      | XOM: mild Hex miscast
  2731 | D:1      | XOM: silly message
  3710 | D:1      | Reached XP level 3. HP: 16/19 MP: 4/4
  3714 | D:1      | Reached skill level 1 in Stealth
  4865 | D:1      | XOM: harmless Air miscast
  5205 | D:1      | XOM: harmless Erth miscast
  5243 | D:1      | XOM: divination: detect creatures
  5294 | D:1      | XOM: divination: detect creatures
  5783 | D:1      | XOM: vitrification
  5882 | D:1      | XOM: god gift: bronze ring {god gift}
  6390 | D:1      | XOM: god gift: 23 poisoned sling bullets
  6548 | D:1      | XOM: summons 1 hostile demon
  6667 | D:1      | XOM: god gift: 6 curare-tipped needles
  6911 | D:1      | XOM: god gift: scroll labeled WANWOI YNIRR
  6982 | D:1      | Noticed a deep elf knight
  6986 | D:1      | Noticed a deep elf sorcerer
  7000 | D:1      | XOM: summons 3 friendly demons
  7017 | D:1      | Killed from afar by a deep elf sorcerer

Vault maps used:
D:1:      shiori_arrival_whats_in_store_for_you, minmay_three_crescents

Action                   || total
-------------------------++-------
Melee: Spear             ||   176
  Use: Scroll            ||     6
 Stab: Sleeping          ||     3
  Eat: Royal jelly       ||     1
       Bread ration      ||     1
